 Dungeon Crawl Stone Soup version 0.21-a0-153-g78480df (webtiles) character file.

63 Ordine the Magician (level 3, -1/28 HPs)
             Began as a Deep Elf Wizard on Aug 2, 2017.
             Slain by a gnoll
             ... wielding a +0 spear
              (2 damage)
             ... on level 2 of the Dungeon.
             The game lasted 00:03:54 (1346 turns).

Ordine the Magician (Deep Elf Wizard)               Turns: 1346, Time: 00:03:55

Health: -1/28      AC: 21    Str:  4    XL:     3   Next: 89%
Magic:  0/11       EV:  2    Int: 23    God:
Gold:   129        SH:  0    Dex: 13    Spells: 2/11 levels left

rFire    + . .     SeeInvis .   (no weapon)
rCold    + . .     Gourm    .   (no shield)
rNeg     + + +     Faith    .   (armour currently unavailable)
rPois    +         Spirit   .   (helmet currently unavailable)
rElec    +         Reflect  .   (cloak currently unavailable)
rCorr    +         Harm     .   (gloves currently unavailable)
MR       .....     NoTele   +   (boots currently unavailable)
Stlth    +.........             (no amulet)
HPRegen  0.09/turn              e - ring of loudness (curse)
MPRegen  0.12/turn              (no ring)

@: tree-form, resistant
A: no striking features
a: no special abilities


You were on level 2 of the Dungeon.
You were not hungry.
You were a tree.
You visited 1 branch of the dungeon, and saw 2 of its levels.

You collected 129 gold pieces.

Inventory:

Armour
 a - a +0 robe (melded)
 b - a +0 hat (melded)
Jewellery
 e - a cursed ring of loudness (left branch)
Scrolls
 l - a scroll of teleportation
Potions
 g - 2 potions of lignification
 m - a potion of degeneration {unknown}
 n - a potion of brilliance {unknown}
Books
 c - a book of Minor Magic

   Spells                             Type                      Level
   a - Magic Dart                     Conjuration                  1
   b - Blink                          Translocation                2
   c - Call Imp                       Summoning                    2
   d - Slow                           Hexes                        2
   e - Conjure Flame                  Conjuration/Fire             3
   f - Mephitic Cloud                 Conjuration/Poison/Air       3
Comestibles
 d - 3 bread rations
 h - 4 chunks of flesh
 i - a meat ration
 j - a royal jelly


   Skills:
 + Level 3.2 Dodging
 + Level 3.1 Stealth
 + Level 4.6 Spellcasting
 + Level 2.1 Conjurations
   Level 1.1 Summonings
 + Level 2.2 Translocations
 + Level 0.2 Fire Magic
 + Level 0.0 Air Magic


You had 2 spell levels left.
You knew the following spells:

 Your Spells              Type           Power        Failure   Level  Hunger
a - Magic Dart            Conj           ###.         4%          1    None
b - Blink                 Tloc           N/A          6%          2    None
c - Conjure Flame         Conj/Fire      ##......     19%         3    ##.....
d - Mephitic Cloud        Conj/Pois/Air  #.......     22%         3    ##.....


Dungeon Overview and Level Annotations

Branches:
Dungeon (2/15)

Altars:
Hepliaklqana
Makhleb
Vehumet


Message History

Unknown command.
It was a potion of resistance.
You feel protected.
The gnoll hits you from afar with a spear.
* * * LOW HITPOINT WARNING * * *
You feel better. The gnoll completely misses you.
The gnoll hits you with a spear.
Casting: Magic Dart
Confirm with . or Enter, or press ? or * to list all spells.
Aiming: Magic Dart
Press: ? - help, Shift-Dir - straight line, f/p - gnoll
Aim: a gnoll, wielding a spear (heavily wounded)
The magic dart hits the gnoll.
The gnoll is severely wounded.
The gnoll hits you with a spear.
* * * LOW HITPOINT WARNING * * *
You turn into a tree.
Your +0 hat melds into your body.
Your +0 robe melds into your body.
Your roots penetrate the ground.
The gnoll hits you with a spear.
You die...

####..##. ##..#
###### ##..#.#
##.#
#...[######..#..#
##..#
#....(.......##(.#
##..##
#....#########
#..###..#.#
#....##......#
#..#.g#.##
#..)....####.#
#...#.#.#
####(...####
#.######.######
........#
#.♣g†....#
.._.....#
##########
..8.....#
.._.....#
......### #.....#
#######


You could see a gnoll.

Vanquished Creatures
  2 adders (D:2)
  A dart slug (D:1)
  2 leopard geckos (D:1)
  2 giant cockroaches (D:2)
  9 hobgoblins
  3 jackals (D:2)
  A ball python (D:2)
  3 bats (D:1)
  3 frilled lizards
  2 goblins (D:2)
  8 kobolds
  4 rats
40 creatures vanquished.

Notes
Turn   | Place    | Note
-------+----------+-------------------------------------------
     0 | D:1      | Ordine the Deep Elf Wizard began the quest for the Orb.
     0 | D:1      | Reached XP level 1. HP: 10/10 MP: 7/7
   253 | D:1      | Reached XP level 2. HP: 15/15 MP: 7/9
   274 | D:1      | Learned a level 2 spell: Blink
   933 | D:2      | Reached XP level 3. HP: 17/19 MP: 4/11
  1113 | D:2      | Learned a level 3 spell: Conjure Flame
  1117 | D:2      | Learned a level 3 spell: Mephitic Cloud
  1132 | D:2      | Found a hazy altar of Hepliaklqana.
  1231 | D:2      | Found a burning altar of Makhleb.
  1246 | D:2      | Found a radiant altar of Vehumet.
  1346 | D:2      | Slain by a gnoll

Vault maps used:
D:1:      mainiacjoe_arrival_reflecting_pool, palyth_stone_intersect
D:2:      minmay_diamond_boxcup, lemuel_round_altar, lemuel_doored_altar,
          chequers_temple_overflow_statue_of_worship, first_bread, minivault_4,
          corexii_leaking_fountain

Skill      XL: |  1  2  3 |
---------------+----------+-----
Dodging        | 3 |  3.2
Stealth        | 3 |  3.1
Conjurations   | 2 |  2.1
Translocations | 2 |  2.2
Spellcasting   | |  4.6
Summonings     | |  1.1
Fire Magic     | |  0.2

Action                   || total
-------------------------++-------
Melee: Unarmed           ||    22
 Cast: Magic Dart        ||    91
  Use: Scroll            ||     1
       Potion            ||     5
  Eat: Chunk             ||     1
Armor: Robe              ||    12
       Skin              ||     1
Dodge: Dodged            ||    55
